 Dungeon Crawl Stone Soup version 0.24-a0-335-g06ca16af6c (webtiles) character file.

Game seed: 7500283536475204623

14478 RNGsus the Cleaver (level 11, 0/94 HPs)
             Began as a Deep Dwarf Hunter on May 18, 2019.
             Was a High Priest of Yredelemnul.
             Slain by a yak (15 damage)
             ... on level 11 of the Dungeon.
             The game lasted 01:31:58 (11435 turns).

RNGsus the Cleaver (Deep Dwarf Hunter)             Turns: 11435, Time: 01:31:59

Health: 0/94       AC:  7    Str: 15    XL:     11   Next: 89%
Magic:  1/1        EV: 11    Int: 16    God:    Yredelemnul [*****.]
Gold:   713        SH: 14    Dex: 13    Spells: 10/14 levels left

rFire    + . .     SeeInvis .   c - +1 war axe (distort)
rCold    + + .     Gourm    .   z - +1 large shield {rC+}
rNeg     . . .     Faith    .   F - +3 leather armour {rC+}
rPois    .         Spirit   .   x - +0 helmet
rElec    .         Reflect  .   (no cloak)
rCorr    .         Harm     .   (no gloves)
MR       +....                  (no boots)
Stlth    +.........             (no amulet)
HPRegen  0.00/turn              q - ring of fire
MPRegen  0.07/turn              n - ring of protection from cold

@: non-regenerating
A: damage resistance, heal wounds, sense surroundings 2, no regeneration
a: Heal Wounds, Recall Undead Slaves, Injury Mirror, Animate Dead, Drain Life,
Enslave Soul, Renounce Religion


You were on level 11 of the Dungeon.
You worshipped Yredelemnul.
Yredelemnul was extremely pleased with you.
You were not hungry.

You visited 2 branches of the dungeon, and saw 13 of its levels.
You also visited: Sewer and Ice Cave.

You collected 713 gold pieces.

Inventory:

Hand Weapons
 a - a +2 hunting sling
 b - a +3 dagger
 c - a +1 war axe of distortion (weapon)
 G - the +3 flail of Jeaqient {crush, MR+ Dex+4 SInv, unknown}
   (You found it on level 6 of the Dungeon)

   It inflicts extra damage upon your enemies.
   It affects your dexterity (+4).
   It affects your resistance to hostile enchantments.
   It lets you see invisible.
Missiles
 d - 72 sling bullets
 g - 207 stones (quivered)
Armour
 x - a +0 helmet (worn)
 z - a +1 large shield of cold resistance (worn)
 F - a +3 leather armour of cold resistance (worn)
Jewellery
 h - an uncursed ring of poison resistance
 n - a ring of protection from cold (right hand)
 q - a ring of fire (left hand)
Wands
 y - a wand of digging (2)
Scrolls
 i - 7 scrolls of teleportation
 j - 6 scrolls of enchant weapon
 k - 3 scrolls of fog
 l - 3 scrolls of remove curse
 o - 3 scrolls of fear
 t - 4 scrolls of blinking
 v - 3 scrolls of magic mapping
Potions
 e - 4 potions of flight
 m - 5 potions of heal wounds
 r - a potion of berserk rage {unknown}
 s - 4 potions of curing
 u - 6 potions of might
 w - a potion of magic {unknown}
 B - 2 potions of lignification
 C - a potion of haste {unknown}
 D - a potion of experience {unknown}
 E - 2 potions of resistance
 H - a potion of agility {unknown}
Comestibles
 f - 19 rations
 p - 3 chunks of flesh


   Skills:
 - Level 5.0 Fighting
 - Level 12.0 Axes
 - Level 7.1 Slings
 - Level 5.0 Armour
 - Level 7.0 Dodging
 - Level 1.2 Stealth
 * Level 3.2 Shields
 - Level 2.0 Spellcasting
 - Level 5.0 Summonings
 - Level 4.3 Air Magic
 + Level 9.8 Invocations


You had 10 spell levels left.
You knew the following spells:

 Your Spells              Type           Power        Failure   Level  Hunger
a - Summon Lightning Spi  Summ/Air       ###.....     99%         4    #####..

Your spell library contained the following spells:

 Spells                   Type           Power        Failure   Level  Hunger
 Summon Small Mammal      Summ           ###.         47%         1    #......
 Call Imp                 Summ           ###.....     63%         2    ###....
 Call Canine Familiar     Summ           ###.....     85%         3    ###....
 Beastly Appendage        Tmut           #.....       99%         1    #......
 Sticks to Snakes         Tmut           #.......     99%         2    ###....
 Summon Guardian Golem    Hex/Summ       #.......     99%         3    ###....
 Spider Form              Tmut/Pois      #.........   100%        3    ###....
 Ice Form                 Ice/Tmut       #.......     100%        4    #####..
 Summon Ice Beast         Ice/Summ       #.......     100%        4    #####..
 Blade Hands              Tmut           #.........   100%        5    ######.


Dungeon Overview and Level Annotations

Branches:
Dungeon (12/15)            Temple (1/1) D:7             Orc (0/2) D:9
   Lair: D:8-11

Altars:
Ashenzari
Cheibriados
Dithmenos
Elyvilon
Fedhas
Gozag
Hepliaklqana
Kikubaaqudgha
Makhleb
Nemelex Xobeh
Okawaru
Qazlal
Ru
Sif Muna
Trog
Uskayaw
Vehumet
Wu Jian
Xom
Yredelemnul
Zin
The Shining One
Beogh

Shops:
D:7 [   D:9 *

Annotations:
D:2 Robin
D:6 Pikel
D:7 Harold
D:10 Psyche
D:11 Josephine


Innate Abilities, Weirdness & Mutations

You are resistant to damage.
You can heal yourself by infusing magical energy.
You passively map the area around you.
You do not regenerate.


Message History

You butcher the yak corpse.
Things that are here:
5 chunks of flesh; a yak skeleton The yak gores your wight. x2
Your wight hits the yak with a +2 dagger of freezing.
Your wight drains the yak.
Your wight freezes the yak.
The yak closely misses your wight.
Your wight hits the yak but does no damage.
The yak barely misses your wight.
Your wight hits the yak with a +2 dagger of freezing.
Your wight freezes the yak.
You block the yak's attack. The yak barely misses your wight.
Your wight hits the yak but does no damage.
There is an open door here.
Your wight hits the yak with a +2 dagger of freezing.
Your wight freezes the yak.
Your shield prevents you from hitting the yak.
The yak gores you!
You die...
Your body rises from the dead as a mindless zombie.

......## ,, #..[...#...####..###
........ , #......#.Y.####..#
######## , #......'ยง.....#....
#......# #....).#......#.....
#......#######......#......#.....
#..............###'##.....## +##
#..............#...#########, .##
#..............#...........#.....
#..............#@..........#....
#..............#Y####......#...
.......######...YY..########.####
.####### ,,#....................
.#....+ #....zY..<...........
.'....# ,#.....%.........(....
.#....# #.............((.....
.#....# ,########.............
.#....... , #.............


You could see 3 yaks, an ice beast and a friendly wight.

Vanquished Creatures
  A cyclops (D:11)
  An ice statue (IceCv)
  A centaur skeleton (D:12)
  2 rime drakes (D:11)
  11 polar bears
  2 hippogriffs
  2 wraiths (D:11)
  14 yaks
  A hungry ghost (D:11)
  A soldier ant (D:8)
  Edmund (D:6)
  A black bear (D:7)
  A sky beast (D:5)
  6 orc warriors
  An ice beast (D:7)
  A phantom (D:7)
  3 slaves (D:6)
  A necrophage (D:7)
  8 wolves
  5 ogres
  3 centaurs
  2 big kobolds
  4 bullfrogs
  4 scorpions
  A water moccasin skeleton (D:6)
  16 killer bees
  11 wights
  2 howler monkeys (D:8)
  3 crimson imps
  2 bullfrog zombies (D:7)
  3 jellies
  5 orc priests
  3 hounds
  3 bullfrog skeletons
  7 orc wizards
  2 iguanas
  Natasha (thrice) (D:4)
  4 worker ants
  Terence (D:2)
  A hound zombie (D:6)
  2 hound skeletons
  4 gnolls (D:3)
  A worker ant zombie (D:11)
  18 adders
  7 river rats
  2 shadow imps
  A worker ant simulacrum (D:11)
  3 oozes
  An adder zombie (D:6)
  6 worms
  2 dart slugs (D:1)
  3 leopard geckos
  45 orcs
  5 giant cockroaches
  17 goblins
  12 hobgoblins
  12 jackals
  4 quokkas
  11 ball pythons
  7 bats
  11 frilled lizards
  7 kobolds
  A kobold zombie (D:9)
  2 leopard gecko skeletons
  A leopard gecko zombie (D:5)
  A quokka skeleton (D:4)
  29 rats
359 creatures vanquished.

Vanquished Creatures (collateral kills)
  2 polar bears (IceCv)
  4 yaks
  A black bear (D:9)
  A meliai simulacrum (D:11)
  An ogre (D:9)
  A necrophage (D:9)
  2 wolves (IceCv)
  A scorpion (D:11)
  A crimson imp (D:11)
  An orc priest (D:6)
  2 orc wizards (D:6)
  A worker ant (D:11)
  A worker ant simulacrum (D:11)
  5 orcs
  A jackal (D:5)
  A quokka (D:9)
26 creatures vanquished.

Vanquished Creatures (others)
  A troll (D:12)
  A hippogriff (D:11)
  A wraith (D:11)
  2 yaks
  A hungry ghost (D:12)
  A slave (D:6)
  2 orc warriors
  A sky beast (D:11)
  A wolf (IceCv)
  A centaur (D:11)
  A bullfrog (D:12)
  A hippogriff skeleton (D:8)
  5 polar bear zombies
  3 yak zombies (IceCv)
  2 wights (D:7)
  5 wolf zombies
  A centaur zombie (D:9)
  A bullfrog zombie (D:12)
  A crimson imp (D:7)
  A worker ant (D:9)
  An ogre zombie (D:6)
  A mummy (D:11)
  A hound zombie (D:9)
  An adder (D:6)
  A human zombie (D:6)
  A scorpion zombie (D:11)
  An iguana zombie (D:6)
  An adder zombie (D:9)
  4 orc skeletons
  An orc (D:11)
  A ball python skeleton (D:8)
  A kobold zombie (D:9)
  11 orc zombies
  A quokka zombie (D:8)
60 creatures vanquished.

Grand Total: 445 creatures vanquished

Notes
Turn   | Place    | Note
-------+----------+-------------------------------------------
     0 | D:1      | RNGsus the Deep Dwarf Hunter began the quest for the Orb.
     0 | D:1      | Reached XP level 1. HP: 19/19 MP: 1/1
   238 | D:1      | Reached XP level 2. HP: 26/26 MP: 2/2
   618 | D:2      | Reached skill level 5 in Slings
   618 | D:2      | Reached XP level 3. HP: 30/33 MP: 3/3
   852 | D:2      | Found a shadowy altar of Dithmenos.
   970 | D:2      | Noticed Terence
  1041 | D:2      | Noticed Robin
  1135 | D:2      | Killed Terence
  1135 | D:2      | Reached XP level 4. HP: 40/42 MP: 4/4
  2353 | D:3      | Reached XP level 5. HP: 15/50 MP: 5/5
  2860 | D:3      | Found a glowing drain.
  2890 | Sewer    | Entered a sewer
  3006 | Sewer    | Reached XP level 6. HP: 38/57 MP: 5/5
  3827 | D:4      | Reached XP level 7. HP: 23/66 MP: 5/5
  3928 | D:4      | Found a basalt altar of Yredelemnul.
  3931 | D:4      | Became a worshipper of Yredelemnul the Dark
  4044 | D:4      | Reached skill level 5 in Fighting
  4171 | D:4      | Reached skill level 1 in Axes
  4509 | D:4      | Noticed Natasha
  4511 | D:4      | Killed Natasha
  4604 | D:4      | Noticed Natasha
  4605 | D:4      | Killed Natasha
  4605 | D:4      | Reached skill level 2 in Axes
  4679 | D:5      | Entered Level 5 of the Dungeon
  4824 | D:4      | Reached skill level 3 in Axes
  4830 | D:4      | Found a basalt altar of Yredelemnul.
  4879 | D:4      | Noticed Natasha
  4886 | D:4      | Killed Natasha
  4886 | D:4      | Reached skill level 1 in Armour
  5765 | D:5      | Reached skill level 4 in Axes
  5779 | D:5      | Reached * piety under Yredelemnul
  5779 | D:5      | Reached XP level 8. HP: 25/74 MP: 5/5
  5929 | D:5      | Reached skill level 1 in Invocations
  6057 | D:6      | Noticed Edmund
  6061 | D:6      | Killed Edmund
  6061 | D:6      | Reached skill level 5 in Axes
  6137 | D:6      | Reached skill level 5 in Dodging
  6149 | D:6      | Noticed Pikel
  6160 | D:6      | Your ally Edmund died
  6533 | D:6      | Got a crude flail
  6598 | D:6      | Reached skill level 6 in Axes
  6960 | D:6      | Gained mutation: You passively map the area around you.
                  | [Deep Dwarf growth]
  6960 | D:6      | Reached XP level 9. HP: 42/81 MP: 8/8
  7316 | D:7      | Reached ** piety under Yredelemnul
  7324 | D:7      | Found Qozuasm's Armour Shoppe.
  7376 | D:7      | Reached skill level 7 in Axes
  7661 | D:7      | Reached skill level 5 in Invocations
  7695 | D:7      | Reached skill level 5 in Armour
  7845 | D:7      | Reached skill level 8 in Axes
  7930 | D:7      | Learned a level 4 spell: Summon Lightning Spire
  8054 | D:7      | Found a staircase to the Ecumenical Temple.
  8060 | Temple   | Entered the Ecumenical Temple
  8257 | D:7      | Noticed Harold
  8399 | D:7      | Reached *** piety under Yredelemnul
  8399 | D:7      | Reached skill level 1 in Summonings
  8509 | D:8      | Reached skill level 1 in Air Magic
  8546 | D:8      | Reached XP level 10. HP: 14/88 MP: 10/10
  9024 | D:8      | Reached skill level 9 in Axes
  9240 | D:9      | Found a roughly hewn altar of Beogh.
  9240 | D:9      | Found a staircase to the Orcish Mines.
  9317 | D:9      | Reached **** piety under Yredelemnul
  9484 | D:9      | Found Gificy's Elemental Accessories.
  9522 | D:9      | Found a snail-covered altar of Cheibriados.
  9703 | D:9      | Found a hide-covered altar of Uskayaw.
  9703 | D:9      | Found a radiant altar of Vehumet.
  9705 | D:9      | You fall through a shaft for 3 floors!
  9722 | D:12     | Reached skill level 10 in Axes
  9762 | D:12     | Reached skill level 1 in Spellcasting
  9884 | D:11     | Noticed a cyclops
  9954 | D:11     | Received a gift from Yredelemnul (a mummy)
  9964 | D:11     | Reached XP level 11. HP: 23/94 MP: 7/10
  9969 | D:11     | Noticed Josephine
  9972 | D:11     | HP: 1/94 [Josephine/ghostly fireball (12)]
 10098 | D:11     | Found a frozen archway.
 10117 | IceCv    | Entered an ice cave
 10194 | IceCv    | Reached skill level 11 in Axes
 10198 | IceCv    | HP: 2/94 [polar bear (6)]
 10575 | IceCv    | HP: 1/94 [yak (15)]
 10577 | IceCv    | Reached skill level 5 in Summonings
 10635 | IceCv    | Noticed a white draconian
 10662 | IceCv    | Noticed a catoblepas
 10662 | IceCv    | a white draconian changed into a catoblepas
 10831 | IceCv    | HP: 2/94 [catoblepas (30)]
 10844 | IceCv    | HP: 2/94 [catoblepas (26)]
 10849 | IceCv    | HP: 1/94 [polar bear (14)]
 11013 | D:11     | Reached skill level 1 in Shields
 11036 | D:11     | Reached ***** piety under Yredelemnul
 11098 | D:11     | Reached skill level 12 in Axes
 11168 | D:11     | Noticed a two-headed ogre
 11223 | D:11     | Noticed a red ugly thing
 11233 | D:10     | Entered Level 10 of the Dungeon
 11361 | D:10     | Noticed Psyche
 11387 | D:11     | Received a gift from Yredelemnul (a wight)
 11435 | D:11     | Slain by a yak

Levels and vault maps discovered:
D:1:      shiori_arrival_maze, layout_loops_cross
D:2:      layout_basic, nicolae_dithmenos_through_a_glass_darkly, uniq_robin,
          uniq_terence
D:3:      layout_loops_corners, first_ration, portal_sewer_entry_a
D:4:      layout_gridville, kennysheep_mini_moat, uniq_natasha
D:5:      layout_basic
D:6:      layout_loops_ring, minivault_11, uniq_edmund, uniq_pikel
D:7:      layout_gridville, minmay_temple_entry_hall, serial_shops, shop,
          minmay_circle_x, uniq_harold
D:8:      layout_rooms
D:9:      layout_cave_pools, cheibrodos_worm_habitat,
          chequers_temple_overflow_statue_of_worship, david_orc_5,
          nicolae_elemental_shop, grunt_livestock
D:10:     layout_roguey, david_lair_generic, kennysheep_cross_room,
          minmay_strange_pillars, uniq_nergalle, uniq_psyche, uniq_joseph,
          uniq_fannar, uniq_urug
D:11:     layout_gridville, serial_ice, serial_ice_d, serial_ice_o,
          serial_ice_j, serial_ice_e, portal_ice_cave_rime, uniq_sonja,
          uniq_josephine, uniq_snorg
D:12:     layout_rooms, minmay_statues_item
Temple:   regret_index_temple_mists

Skill      XL: |  1  2  3  4  5  6  7  8  9 10 11 |
---------------+----------------------------------+-----
Fighting       | 2 3 4 5 |  5.0
Slings         | 5 6 7 |  7.1
Dodging        | 3 4 5 7 |  7.0
Axes           | 4 6 8 10 12 | 12.0
Armour         | 1 3 5 |  5.0
Invocations    | 3 6 8 9 |  9.8
Summonings     | 1 3 5 |  5.0
Air Magic      | 1 3 4 |  4.3
Spellcasting   | 1 2 |  2.0
Shields        | 3 |  3.2
Stealth        | |  1.2

Action                   |  1- 3 |  4- 6 |  7- 9 | 10-12 || total
-------------------------+-------+-------+-------+-------++-------
Melee: Short sword       |    25 |       |       |       ||    25
       War axe           |       |       |   371 |   462 ||   833
 Fire: Hunting sling     |   114 |   395 |    16 |       ||   525
Throw: Boomerang         |       |       |   114 |       ||   114
       Stone             |       |       |   148 |   115 ||   263
Invok: Animate Remains   |       |       |     5 |       ||     5
       Animate Dead      |       |       |       |    28 ||    28
 Abil: Heal Wounds       |       |     5 |    15 |    40 ||    60
Evoke: Wand              |       |       |     5 |     9 ||    14
  Use: Scroll            |       |    12 |     3 |     3 ||    18
       Potion            |       |       |       |     4 ||     4
 Stab: Distracted        |       |       |       |     4 ||     4
       Sleeping          |       |       |       |     1 ||     1
  Eat: Chunk             |     1 |     8 |    17 |    14 ||    40
       Ration            |       |       |       |     3 ||     3
Armor: Leather armour    |    10 |    24 |    16 |   127 ||   177
       Ring mail         |       |       |    38 |       ||    38
       Scale mail        |       |       |    47 |       ||    47
Dodge: Dodged            |    51 |    91 |   218 |   384 ||   744
Block: Large shield      |       |       |       |    35 ||    35

Table legend:
 A = Non-vault XP
 B = Vault XP
 C = Vault XP percentage of total XP
 D = Non-vault monster count
 E = Vault monster count
 F = Vault count percentage of total count
                 A         B        C        D         E       F
            +---------+---------+-------+---------+---------+-------
      Total |   11004 |    9680 |  46.8 |     265 |     135 |  33.8
            +---------+---------+-------+---------+---------+-------
        D:1 |      31 |      10 |  24.4 |      17 |       6 |  26.1
        D:2 |     103 |      44 |  29.9 |      32 |       7 |  17.9
        D:3 |     118 |      22 |  15.7 |      16 |       6 |  27.3
        D:4 |     442 |      35 |   7.3 |      25 |       1 |   3.8
        D:5 |     580 |       0 |   0.0 |      26 |       0 |   0.0
        D:6 |     914 |     158 |  14.7 |      28 |       1 |   3.4
        D:7 |    1930 |     238 |  11.0 |      41 |       3 |   6.8
        D:8 |    1344 |       0 |   0.0 |      21 |       0 |   0.0
        D:9 |    1615 |     698 |  30.2 |      25 |      20 |  44.4
       D:10 |     365 |       0 |   0.0 |       4 |       0 |   0.0
       D:11 |    2605 |    1803 |  40.9 |      25 |      10 |  28.6
       D:12 |     957 |       0 |   0.0 |       5 |       0 |   0.0
      Sewer |       0 |     385 | 100.0 |       0 |      48 | 100.0
      IceCv |       0 |    6287 | 100.0 |       0 |      33 | 100.0
            +---------+---------+-------+---------+---------+-------
